 Dungeon Crawl Stone Soup version 0.27-a0-1065-ge809cff456 (webtiles) character file.

Game seed: 17707809534800797690

14331 funkygono the Destroyer (level 12, -1/62 HPs)
             Began as a Gargoyle Fire Elementalist on Apr 21, 2021.
             Was a Priest of Vehumet.
             Slain by a boulder beetle (27 damage)
             ... on level 11 of the Dungeon on Apr 23, 2021.
             The game lasted 00:46:09 (18280 turns).

funkygono the Destroyer (GrFE)                     Turns: 18280, Time: 00:46:10

Health: -1/62      AC: 13    Str: 12    XL:     12   Next: 15%
Magic:  10/25      EV: 12    Int: 21    God:    Vehumet [***...]
Gold:   818        SH:  0    Dex: 10    Spells: 5/30 levels left

rFire    . . .     SeeInvis .   I - +4 great sword (freeze)
rCold    . . .     Faith    .   (shield currently unavailable)
rNeg     + . .     Spirit   .   R - +0 steam dragon scales
rPois    ∞         Reflect  .   (helmet restricted)
rElec    +         Harm     .   p - +2 cloak
rCorr    .         Rampage  .   G - +0 pair of gloves of Kagishr Xamo {Int+2}
Will     .....                  (no boots)
Stlth    ++........             (no amulet)
HPRegen  0.20/turn              C - ring of wizardry
MPRegen  0.19/turn              (no ring)

@: corroded, studying Axes
A: AC +8, negative energy resistance 1, electricity resistance, torment
resistance 1, unbreathing 1, petrification resistance, antennae 1, iridescent
scales 1, weak 1
a: Renounce Religion


You were on level 11 of the Dungeon.
You worshipped Vehumet.
Vehumet was most pleased with you.
You visited 2 branches of the dungeon, and saw 12 of its levels.

You collected 818 gold pieces.

Inventory:

Hand Weapons
 o - a +2 quarterstaff of chaos
 y - the +0 mace of Kuessih {vorpal, Drain rElec rF+ Dex+8}
   (You found it on level 7 of the Dungeon)

   It inflicts extra damage upon your enemies.
   It affects your dexterity (+8).
   It protects you from fire.
   It insulates you from electricity.
   It drains your maximum health when unequipped.
 I - a +4 great sword of freezing (weapon)
 M - a +1 morningstar of draining
Missiles
 c - 293 stones (quivered)
Armour
 j - +0 gold dragon scales
 p - a +2 cloak (worn)
 A - a +2 leather armour of cold resistance
 E - a +0 buckler
 G - the +0 pair of gloves of Kagishr Xamo (worn) {Int+2}
   (You found it on level 8 of the Dungeon)

   It affects your intelligence (+2).
 H - a +2 helmet
 N - a scarf of resistance
 R - +0 steam dragon scales (worn)
 V - a +2 robe of cold resistance
Magical Staves
 k - a staff of earth
 s - a staff of air
 v - a staff of fire
 O - a staff of poison
 W - a staff of cold
Jewellery
 C - a ring of wizardry (left hand)
Wands
 f - a wand of acid (9)
 h - a wand of charming (4)
 w - a wand of digging (6)
 L - a wand of paralysis (7)
 T - a wand of polymorph (6)
Scrolls
 e - a scroll of blinking
 g - a scroll of amnesia
 r - a scroll of holy word
 x - 4 scrolls of teleportation
 P - a scroll of silence
 Q - 2 scrolls of magic mapping
 U - a scroll of fog {unknown}
 Y - a scroll of identify
 Z - a scroll of acquirement {unknown}
Potions
 d - a potion of resistance
 i - 4 potions of curing
 q - 2 potions of flight
 t - a potion of attraction
 u - 2 potions of berserk rage
 B - a potion of brilliance
 J - a potion of ambrosia {unknown}
 K - a potion of lignification {unknown}
 X - 2 potions of magic {unknown}


   Skills:
 + Level 2.1 Fighting
 + Level 0.2(1.3) Short Blades
 + Level 2.2(2.3) Long Blades
 + Level 5.2 Armour
 + Level 3.3 Dodging
 - Level 2.1 Stealth
 + Level 9.6 Spellcasting
 + Level 9.7 Conjurations
 + Level 3.8 Transmutations
 + Level 9.5 Fire Magic
 + Level 6.3 Poison Magic


You had 5 spell levels left.
You knew the following spells:

 Your Spells              Type           Power      Damage    Failure   Level
a - Foxfire               Conj/Fire      100%       2x1d9     1%          1
b - Conjure Flame         Conj/Fire      50%        6-21      1%          3
c - Sticky Flame          Conj/Fire      50%        2d7       1%          4
d - Fireball              Conj/Fire      25%        3d11      1%          5
e - Sting                 Tmut/Pois      100%       1d8       1%          1
f - Magic Dart            Conj           100%       1d8       1%          1
g - Olgreb's Toxic Radia  Pois           36%        N/A       1%          4
h - Ignite Poison         Fire/Tmut/Pois 37%        N/A       1%          3
i - Stone Arrow           Conj/Erth      60%        3d10      1%          3

Your spell library contained the following spells:

 Spells                   Type           Power      Damage    Failure   Level
 Beastly Appendage        Tmut           52%        N/A       1%          1
 Poisonous Vapours        Pois/Air       46%        N/A       1%          2
 Wereblood                Tmut           26%        N/A       1%          2
 Inner Flame              Hex/Fire       30%        N/A       1%          3
 Mephitic Cloud           Conj/Pois/Air  32%        N/A       1%          3
 Spider Form              Tmut/Pois      15%        N/A       1%          3
 Animate Skeleton         Necr           20%        N/A       2%          1
 Apportation              Tloc           20%        N/A       2%          1
 Corona                   Hex            11%        N/A       2%          1
 Summon Small Mammal      Summ           40%        N/A       2%          1
 Call Imp                 Summ           10%        N/A       4%          2
 Call Canine Familiar     Summ           10%        N/A       9%          3
 Summon Guardian Golem    Hex/Summ       10%        N/A       9%          3
 Ice Form                 Ice/Tmut       18%        N/A       12%         4
 Hydra Form               Tmut           13%        N/A       16%         5
 Animate Dead             Necr           5%         N/A       26%         4
 Summon Ice Beast         Ice/Summ       10%        N/A       26%         4
 Summon Lightning Spire   Summ/Air       10%        N/A       26%         4
 Borgnjor's Vile Clutch   Necr/Erth      5%         N/A       56%         5
 Death Channel            Necr           5%         N/A       98%         6
 Simulacrum               Ice/Necr       5%         N/A       98%         6


Dungeon Overview and Level Annotations

Branches:
Dungeon (11/15)            Temple (1/1) D:4            Lair (0/6) D:11
    Orc: D:9-12

Altars:
Ashenzari
Cheibriados
Dithmenos
Elyvilon
Fedhas
Gozag
Hepliaklqana
Kikubaaqudgha
Makhleb
Nemelex Xobeh
Okawaru
Qazlal
Ru
Sif Muna
Trog
Uskayaw
Vehumet
Wu Jian
Xom
Yredelemnul
Zin
The Shining One

Shops:
D:8 *

Portals:
Trove: D:10 (give 6 scrolls of blinking)


Innate Abilities, Weirdness & Mutations

Your stone body is resilient. (AC +8)
You are immune to poison.
You resist negative energy. (rN+)
You are resistant to electric shocks. (rElec)
You are resistant to unholy torment.
You can survive without breathing.
You are immune to petrification.
You have a pair of small antennae on your head.
You are partially covered in iridescent scales. (AC +2)
You are weak. (Str -2)


Message History

Confirm with . or Enter, or press ? or * to list all spells.
Aiming: Sticky Flame (safe; 1% risk of failure)
Press: ? - help, Shift-Dir - straight line, f/p - acid dragon
Aim: an acid dragon (heavily wounded, covered in liquid flames, 100% to hit)
The sticky flame hits the acid dragon!
The acid dragon is severely wounded.
The acid dragon is covered in liquid flames!
The acid dragon burns!
The acid dragon misses you. x2
You barely miss the acid dragon.
The acid dragon is almost dead.
The acid dragon burns! x2
The acid dragon spits acid at you. The splash of acid hits you.
The acid corrodes you!
You are splashed with acid!
The acid dragon bites you but does no damage.
The acid dragon claws you but does no damage.
A boulder beetle comes into view.
You slash the acid dragon! You freeze the acid dragon.
You kill the acid dragon!
Vehumet accepts your kill. The boulder beetle bites you!
Casting: Sticky Flame (safe; 1% risk of failure)
Confirm with . or Enter, or press ? or * to list all spells.
Aiming: Sticky Flame (safe; 1% risk of failure)
Press: ? - help, Shift-Dir - straight line, f - boulder beetle
Aim: a boulder beetle (100% to hit)
The sticky flame hits the boulder beetle but does no damage.
The boulder beetle is covered in liquid flames!
The boulder beetle burns!
A wraith comes into view.
The boulder beetle bites you!!
* * * LOW HITPOINT WARNING * * *
The boulder beetle burns!
You feel much better.
The boulder beetle burns!
The boulder beetle bites you but does no damage.
The boulder beetle burns!
The boulder beetle leaps!
The boulder beetle burns!
The boulder beetle curls into a ball and begins rolling!
The boulder beetle burns!
The boulder beetle stops burning.
The boulder beetle hits you!!
You die...

#.##.# #.....# .. ##....##
. #.##.# #####.#
..8##8§...8##8$ #.##.# #.#
......§........
#.##.###### #.#
......§........
#.##......# #.#
#######''######
#.#######.# #.# #.#D..#
#.# #.#
##.###.######.#.### #.#
#.# ##..[#..B..W^.....#
#.# #.#
#..#...°.@(.......# #<##
#.#
#....#...#######..#####.##
#.# #.#....>##
#...>........#. ##.#
#>####### #.###.##.###.#.
#..# #.# #.# #.##.# #.#.
#.## #.# #.# #.##.# #.#.
#.# #.### #.# #.##.###.#.
#.# #...# #.# #.....[....
#.# ###.#
####.####.#.#####.


You could see a boulder beetle (rolling) and a wraith.

Vanquished Creatures
  A hydra (D:11)
  Fannar (D:11)
  2 two-headed ogres (D:10)
  Nergalle (D:11)
  A cyclops (D:11)
  Psyche (D:11)
  A komodo dragon (D:11)
  2 trolls
  Prince Ribbit (D:4)
  3 hornets
  Grinder (D:6)
  Sigmund (D:6)
  A wraith (D:11)
  A shadow (D:11)
  4 wyverns
  Eustachio (D:4)
  6 yaks
  2 steam dragons
  A basilisk (D:11)
  Edmund (D:6)
  An acid dragon (D:11)
  A water moccasin (D:8)
  Duvessa (D:6)
  A swamp drake (D:11)
  3 sky beasts
  4 orc warriors
  A necrophage (D:7)
  4 ogres (D:5)
  8 centaurs
  2 kobold brigands
  4 bullfrogs
  2 gnoll sergeants
  4 scorpions
  Dowan (D:6)
  A wyvern zombie (D:7)
  A water moccasin zombie (D:5)
  13 killer bees
  2 water moccasin skeletons
  5 wights
  3 howler monkeys
  A lava snake (D:7)
  5 centaur zombies
  A bullfrog skeleton (D:7)
  A jelly (D:4)
  Crazy Yiuf (D:3)
  5 orc priests
  A centaur skeleton (D:4)
  3 gnoll shamans
  3 iguanas
  10 orc wizards
  A killer bee zombie (D:8)
  A hound skeleton (D:4)
  Robin (D:2)
  2 howler monkey skeletons
  11 adders
  14 gnolls
  2 river rats (D:5)
  3 shadow imps (D:7)
  4 white imps
  2 ufetubi (D:6)
  7 worms
  A dart slug (D:5)
  33 orcs
  6 bats
  8 endoplasms
  A giant cockroach (D:1)
  11 hobgoblins
  4 jackals
  18 kobolds
  6 quokkas
  12 ball pythons
  A frilled lizard (D:3)
  13 goblins
  7 rats
295 creatures vanquished.

Vanquished Creatures (collateral kills)
  3 foxfires (D:2)
3 creatures vanquished.

Vanquished Creatures (others)
  A human (D:9)
  1108 foxfires
  A plant (D:8)
1110 creatures vanquished.

Grand Total: 1408 creatures vanquished

Notes
Turn   | Place    | Note
-------+----------+-------------------------------------------
     0 | D:1      | funkygono the Gargoyle Fire Elementalist began the quest
                  | for the Orb.
     0 | D:1      | Reached XP level 1. HP: 10/10 MP: 3/3
   287 | D:1      | Reached XP level 2. HP: 15/15 MP: 0/5
   730 | D:1      | Found a faded altar of an unknown god.
  1074 | D:1      | Reached XP level 3. HP: 19/19 MP: 4/6
  1283 | D:1      | Learned a level 3 spell: Conjure Flame
  1887 | D:2      | Reached XP level 4. HP: 24/24 MP: 4/7
  3046 | D:3      | Reached XP level 5. HP: 18/28 MP: 4/9
  3322 | D:3      | Noticed Robin
  3414 | D:2      | Killed Robin
  3628 | D:2      | Learned a level 4 spell: Sticky Flame
  4341 | D:3      | Found a runed translucent door.
  4342 | D:3      | Noticed Crazy Yiuf
  4359 | D:3      | Killed Crazy Yiuf
  4360 | D:3      | Reached XP level 6. HP: 12/32 MP: 5/11
  5546 | D:4      | Reached skill level 5 in Fire Magic
  5832 | D:4      | Reached XP level 7. HP: 36/37 MP: 3/12
  6011 | D:4      | Found a sacrificial altar of Ru.
  6013 | D:4      | Found a basalt altar of Yredelemnul.
  6498 | D:4      | Found a staircase to the Ecumenical Temple.
  6512 | Temple   | Entered the Ecumenical Temple
  6548 | Temple   | Became a worshipper of Vehumet
  6812 | D:4      | Noticed a hornet
  6876 | D:4      | HP: 1/37 [hornet (6)]
  6879 | D:4      | Killed a hornet
  7227 | D:4      | Learned a level 5 spell: Fireball
  7253 | D:5      | Entered Level 5 of the Dungeon
  7253 | D:5      | Noticed Eustachio
  7253 | D:5      | Noticed Prince Ribbit
  7268 | D:4      | Killed Eustachio
  7269 | D:4      | Reached XP level 8. HP: 39/42 MP: 8/15
  7329 | D:4      | Gained mutation: You are weak. (Str -2) [potion of
                  | mutation]
  7329 | D:4      | Gained mutation: You are partially covered in iridescent
                  | scales. (AC +2) [potion of mutation]
  7329 | D:4      | Gained mutation: You have a pair of small antennae on your
                  | head. [potion of mutation]
  7358 | D:4      | Killed Prince Ribbit
  7359 | D:4      | Reached skill level 5 in Spellcasting
  7359 | D:4      | Reached skill level 5 in Conjurations
  7658 | D:5      | Learned a level 1 spell: Sting
  7755 | D:5      | Reached skill level 1 in Fighting
  8123 | D:5      | Reached XP level 9. HP: 47/47 MP: 10/18
  8124 | D:5      | Reached * piety under Vehumet
  8124 | D:5      | Offered knowledge of Magic Dart by Vehumet.
  8885 | D:5      | Learned a level 1 spell: Magic Dart
  8890 | D:5      | Learned a level 4 spell: Olgreb's Toxic Radiance
  9161 | D:6      | Noticed Grinder
  9161 | D:6      | Paralysed by Grinder for 7 turns
  9171 | D:6      | Paralysed by Grinder for 4 turns
  9176 | D:6      | Paralysed by Grinder for 5 turns
  9178 | D:6      | Killed Grinder
  9179 | D:6      | Reached skill level 1 in Poison Magic
  9224 | D:6      | Found a blossoming altar of Fedhas.
  9238 | D:6      | Noticed Sigmund
  9247 | D:6      | Killed Sigmund
  9464 | D:6      | Noticed Dowan
  9464 | D:6      | Noticed Duvessa
  9472 | D:6      | Killed Duvessa
  9473 | D:6      | Noticed Edmund
  9476 | D:6      | Killed Dowan
  9603 | D:6      | Killed Edmund
  9828 | D:6      | Found a burning altar of Makhleb.
 10215 | D:7      | Offered knowledge of Freeze by Vehumet.
 10457 | D:7      | Found an opulent altar of Gozag.
 10476 | D:7      | Reached ** piety under Vehumet
 10477 | D:7      | Reached XP level 10. HP: 52/52 MP: 16/21
 10619 | D:7      | Identified the +0 mace of Kuessih {vorpal, Drain rElec rF+
                  | Dex+8}
 12109 | D:7      | Learned a level 3 spell: Ignite Poison
 12412 | D:8      | Identified the +0 pair of gloves of Kagishr Xamo {Int+2}
 12580 | D:8      | Reached skill level 1 in Transmutations
 12655 | D:8      | Upgraded the game from 0.27-a0-1060-gcb85b5eba1 to
                  | 0.27-a0-1065-ge809cff456
 12674 | D:8      | Offered knowledge of Static Discharge by Vehumet.
 12725 | D:7      | Reached skill level 1 in Armour
 13062 | D:8      | Found Ysal's Assorted Antiques.
 13281 | D:8      | Found a broken altar of Ashenzari.
 14592 | D:9      | Found an ancient bone altar of Kikubaaqudgha.
 14793 | D:9      | Reached *** piety under Vehumet
 14974 | D:9      | Found a shimmering blue altar of Sif Muna.
 15213 | D:9      | Reached XP level 11. HP: 46/57 MP: 16/23
 15350 | D:10     | Entered Level 10 of the Dungeon
 15633 | D:10     | Noticed a two-headed ogre
 15648 | D:10     | Killed a two-headed ogre
 15836 | D:10     | Offered knowledge of Stone Arrow by Vehumet.
 15920 | D:10     | Noticed a two-headed ogre
 15926 | D:10     | Killed a two-headed ogre
 16307 | D:10     | Reached skill level 5 in Poison Magic
 16367 | D:10     | Found a white marble altar of Elyvilon.
 16367 | D:10     | Found a hazy altar of Hepliaklqana.
 16573 | D:10     | Found a portal to a secret trove of treasure.
 16634 | D:11     | Noticed Fannar
 16646 | D:11     | Killed Fannar
 16862 | D:11     | Reached skill level 1 in Long Blades
 17122 | D:11     | Noticed a cyclops
 17127 | D:11     | Killed a cyclops
 17279 | D:11     | Noticed a seven-headed hydra
 17302 | D:11     | Killed a seven-headed hydra
 17310 | D:11     | Noticed Nergalle
 17484 | D:11     | Learned a level 3 spell: Stone Arrow
 17512 | D:11     | Killed Nergalle
 17513 | D:11     | Reached skill level 5 in Armour
 17639 | D:11     | Noticed Psyche
 17642 | D:11     | Killed Psyche
 17932 | D:11     | Reached XP level 12. HP: 62/62 MP: 16/25
 18084 | D:11     | Found a staircase to the Lair.
 18272 | D:11     | Noticed a boulder beetle
 18280 | D:11     | Slain by a boulder beetle

Illustrated notes

Levels and vault maps discovered:
D:1:      kilobyte_arrival_exit_the_forest, layout_rooms,
          ebering_ecumenical_altar_mist, minmay_tripent
D:2:      layout_basic, serial_park_tiny_2, kennysheep_generic_room_3
D:3:      layout_rooms, st_stairs_7, wad_floor_pattern_untrapped,
          hangedman_decor_slide_cut, chequers_serial_rivers_room_b,
          minmay_ruptured, uniq_crazy_yiuf_cottage, uniq_robin
D:4:      minmay_chambers_of_fours, layout_basic,
          gammafunk_temple_overflow_pools, minmay_temple_entry_fiery,
          st_stairs_12, minmay_unequal
D:5:      kennysheep_spiral_hall, layout_loops_ring, lightli_sewer_entry_pipes,
          minmay_manual_monstrance, uniq_eustachio, uniq_prince_ribbit1
D:6:      layout_cave_pools, overflow_temple_1_default, kennysheep_mini,
          uniq_duvessa, uniq_sigmund, uniq_edmund, uniq_grinder
D:7:      layout_basic, old_standard_altar, nicolae_lava_and_water,
          minmay_alternating_orb
D:8:      layout_layer_cave, ashenzari_conservatory_becter, serial_shops,
          nicolae_shop_overgrown_old_shop, minivault_23
D:9:      layout_loops_cross, kennysheep_orc_sif_temple, tgw_kikubaaqudgha
D:10:     layout_roguey, gammafunk_temple_overflow_elements,
          trove_entry_hex_spiral
D:11:     layout_loops_ring, erik_lair_dragon, kennysheep_dice, uniq_psyche,
          uniq_fannar, uniq_nergalle
Temple:   minmay_temple_bridge_abc

Skill      XL: |  1  2  3  4  5  6  7  8  9 10 11 |
---------------+----------------------------------+-----
Fire Magic     | 4 5 6 8 9 |  9.5
Conjurations   | 2 3 4 6 7 9 |  9.7
Dodging        | 2 3 |  3.3
Spellcasting   | 3 4 6 7 8 9 |  9.6
Fighting       | 1 2 |  2.1
Poison Magic   | 2 4 6 |  6.3
Transmutations | 2 3 |  3.8
Armour         | 3 5 |  5.2
Long Blades    | 2 |  2.2
Short Blades   | |  0.2
Stealth        | |  2.1

Action                   |  1- 3 |  4- 6 |  7- 9 | 10-12 || total
-------------------------+-------+-------+-------+-------++-------
Melee: Dagger            |     4 |    13 |     6 |     6 ||    29
       Falchion          |       |       |       |     6 ||     6
       Great sword       |       |       |       |    22 ||    22
 Cast: Foxfire           |    65 |   150 |   240 |   209 ||   664
       Sticky Flame      |       |       |    14 |    45 ||    59
       Sting             |       |       |     5 |    22 ||    27
       Magic Dart        |       |       |     4 |     8 ||    12
       Conjure Flame     |       |       |     2 |     9 ||    11
       Ignite Poison     |       |       |       |    24 ||    24
       Olgreb's Toxic Ra |       |       |       |    16 ||    16
       Fireball          |       |       |       |    10 ||    10
  Use: Scroll            |     1 |     4 |     8 |     7 ||    20
       Potion            |       |       |     3 |     4 ||     7
Armor: Robe              |    24 |    34 |    29 |    51 ||   138
       Leather armour    |       |       |       |    71 ||    71
       Steam dragon scal |       |       |       |    52 ||    52
Dodge: Dodged            |    76 |    55 |    49 |   193 ||   373
       Rpst.: Great sword |       |       |       |    32 ||    32
       Falchion          |       |       |       |     4 ||     4

Table legend: (Time is in decaauts)
 A = Elapsed time spent in this place.
 B = Non-inter-level travel time spent in this place.
 C = Inter-level travel time spent in this place.
 D = Time resting spent in this place.
 E = Time spent auto-exploring this place.
 F = Levels seen in this place.
 G = Mean time per level.
                   A        B        C        D        E       F      G
               +--------+--------+--------+--------+--------+-----+--------+
         Total |  18344 |  18014 |    330 |   1521 |  13503 |  12 | 1528.7 |
       Dungeon |  18130 |  17824 |    306 |   1521 |  13328 |  11 | 1648.2 |
        Temple |    213 |    190 |     23 |      0 |    175 |   1 |  213.0 |
               +--------+--------+--------+--------+--------+-----+--------+

Top non-repeatable levels by time:
     D:4: 2662 daAuts
     D:7: 2022 daAuts
     D:8: 1975 daAuts
     D:2: 1783 daAuts
     D:3: 1570 daAuts
    D:11: 1563 daAuts
     D:5: 1512 daAuts
    D:10: 1380 daAuts
     D:1: 1348 daAuts
     D:6: 1262 daAuts
     D:9: 1049 daAuts
  Temple: 213 daAuts
